AoeStats
← El Gato del mago

Oasis

509981615Analyzed
4v4 RM · 2d ago on Sep 28, 2026· 29m 11s· 8 players
Game mode
Random Map
Map size
Large (8 player)
Population
200
Speed
Normal
Resources
Standard
Victory
Conquest
Starting age
Dark Age
Ending age
Imperial Age
RankedLock teamsTeams togetherTeam positionsShared explorationLock speedFull tech treeHidden civsTurbo modeCheats
Victory
Defeat
🇲🇽 Gurjaras · Mexico
1627
+14
🇲🇽 Sicilians · Mexico
1626
+14
🇲🇽 Magyars · Mexico
1604
+15
🇨🇴 Italians · Colombia
1568
+16
🇨🇱 Magyars · Chile
1631
-17
🇨🇱 Shu · Chile
1629
-17
🇨🇱 Saxons · Chile
1623
-16
🇵🇪 Saracens · Peru
1438
-9
[CL] Libertaria
0:26 Loom
9:12 Feudal Age
10:05 Double-Bit Axe
10:24 Loom
11:19 Horse Collar
16:56 Wheelbarrow
20:52 Castle Age
19:08 Gold Mining
21:53 Bloodlines
23:24 Husbandry
25:32 Scale Barding Armor
HR | Darkjosh89
7:01 Loom
9:21 Feudal Age
29:17 Fletching
[CL] Dubstepyzed
6:43 Loom
8:59 Feudal Age
9:02 Man-at-Arms
14:30 Fletching
17:06 Double-Bit Axe
23:04 Wheelbarrow
El Gato del mago
6:15 Loom
8:52 Feudal Age
16:07 Scale Barding Armor
19:25 Forging
22:52 Bloodlines
27:45 Castle Age
César UAM
6:43 Loom
ELEG | IronLeg
4:52 Loom
9:16 Feudal Age
13:13 Fletching
15:19 Horse Collar
23:38 Castle Age
23:02 Gold Mining
23:30 Padded Archer Armor
23:41 Crossbowman
24:22 Bodkin Arrow
25:44 Double-Bit Axe
27:51 Ballistics
28:13 Wheelbarrow
Paco Gerte Alrato
7:13 Loom
9:10 Feudal Age
16:42 Castle Age
15:30 Double-Bit Axe
17:00 Scale Barding Armor
16:56 Scale Mail Armor
17:08 Forging
17:29 Husbandry
17:58 Bloodlines
EL MAYA
9:49 Feudal Age
13:11 Scale Barding Armor
16:38 Double-Bit Axe
17:31 Bloodlines
24:14 Castle Age
22:57 Horse Collar
25:47 Light Cavalry
27:51 Chain Barding Armor
Connection lost

Rejoining the realm…

Still unreachable

The connection could not be restored.

Session expired

The server has moved on; the page needs a fresh start.